 Dungeon Crawl Stone Soup version 0.30-a0-1075-gcd70e7a56d (webtiles) character file.

Game seed: 6952077783117088468

1766 ryw the Trooper (level 8, -6/67 HPs)
             Began as a Mummy Fighter on Apr 15, 2023.
             Mangled by an ogre
             ... wielding a +0 giant spiked club
              (31 damage)
             ... on level 5 of the Dungeon.
             The game lasted 00:09:40 (5385 turns).

ryw the Trooper (Mummy Fighter)                     Turns: 5385, Time: 00:09:41

Health: -6/67      AC: 11    Str: 21    XL:     8   Next: 80%
Magic:  8/8        EV:  9    Int:  7    God:
Gold:   190        SH:  4    Dex: 12    Spells: 7/7 levels left

rFire   x . .      SeeInvis .    k - +2 whip (flame)
rCold   + . .      Faith    +    c - +0 buckler
rNeg    + + +      Spirit   .    b - +0 scale mail
rPois   ∞          Reflect  .    g - +1 helmet
rElec   .          Rampage  .    o - +0 cloak
rCorr   +                        (no gloves)
Will    +....                    (no boots) Stlth
                                 (no amulet)
HPRegen 0.31/turn                j - ring of resist corrosion
MPRegen 0.11/turn                (no ring)

@: no status effects
A: cold resistance 1, negative energy resistance 3, torment resistance 2, heat
vulnerability 1, in touch with death 1, no potions, faith
a: no special abilities


You were on level 5 of the Dungeon.
You visited 2 branches of the dungeon, and saw 6 of its levels.

You collected 190 gold pieces.

Inventory:

Hand Weapons
 a - a +1 flail
 h - a +2 whip of venom
 k - a +2 whip of flaming (weapon)
Missiles
 e - 23 poisoned darts
 i - 2 boomerangs (quivered)
Armour
 b - a +0 scale mail (worn)
 c - a +0 buckler (worn)
 g - a +1 helmet (worn)
 o - a +0 cloak (worn)
Jewellery
 j - a ring of resist corrosion (left hand)
Wands
 l - a wand of quicksilver (7)
Scrolls
 d - 2 scrolls of magic mapping
 f - a scroll of enchant weapon
 n - a scroll of identify
 p - a scroll of fear


   Skills:
 + Level 7.5 Fighting
 - Level 5.0 Maces & Flails
 + Level 6.3 Armour
 - Level 2.4 Shields


You had 7 spell levels left.
You didn't know any spells.
Your spell library contained the following spells:

 Spells                   Type           Power      Damage    Failure   Level
 Summon Small Mammal      Summ           0%         N/A       83%         1
 Blink                    Tloc           0%         N/A       93%         2
 Cigotuvi's Dreadful Rot  Necr/Pois/Air  0%         N/A       93%         2
 Lesser Beckoning         Tloc           0%         N/A       93%         2
 Momentum Strike          Conj/Tloc      0%         3d8       93%         2
 Call Canine Familiar     Summ           0%         N/A       99%         3
 Ignite Poison            Fire/Tmut/Pois 0%         N/A       99%         3
 Summon Guardian Golem    Hex/Summ       0%         N/A       99%         3
 Dispel Undead            Necr           0%         3d6       100%        4
 Sticky Flame             Conj/Fire      0%         2d3       100%        4
 Death Channel            Necr           0%         N/A       100%        6
 Summon Hydra             Summ           0%         N/A       100%        7
 Ignition                 Fire           0%         3d3       100%        8
 Sublimation of Blood     Necr           Unusable   N/A       N/A         2
 Wereblood                Tmut           Unusable   N/A       N/A         2

Dungeon Overview and Level Annotations

Branches:
Dungeon (5/15)             Temple (1/1) D:4

Altars:
Ashenzari
Fedhas
Gozag
Hepliaklqana
Kikubaaqudgha
Makhleb
Qazlal
Ru
Trog
Uskayaw
Yredelemnul

Shops:
D:3 (   D:5 !


Innate Abilities, Weirdness & Mutations

You are immune to poison.
Your flesh is cold resistant. (rC+)
You are immune to negative energy. (rN+++)
You are immune to unholy pain and torment.
You are vulnerable to heat. (rF-)
You are in touch with the powers of death.
You do not drink.
You have a special connection with the divine. (Faith)


Message History

You suddenly lose the ability to move!
Grinder hits you. Grinder barely misses you. Grinder completely misses you.
You can move again.
You whack Grinder! You burn Grinder.
You kill Grinder!
No target in view!
No target in view!
Unknown command.
You start resting.
HP restored.
e - 18 poisoned darts (gained 6)
Items here: )) [ ÷.
You pick up a book of Callings and begin reading...
You add the spells Summon Small Mammal, Call Canine Familiar and Summon Guardian Golem to your library.
Things that are here:
a +0 ring mail; a +0 hand axe; an orc corpse
e - 23 poisoned darts (gained 5)
You see here a +0 short sword.
You now have 190 gold pieces (gained 8).
There is an entrance to Jaropsol's Distillery here.
Unknown command.
An ogre comes into view. It is wielding a +0 giant spiked club.
The ogre hits you with a +0 giant spiked club!
You hit the ogre. You burn the ogre.
The ogre is lightly wounded.
The ogre hits you with a +0 giant spiked club!
You hit the ogre. You burn the ogre.
The ogre is moderately wounded.
You hit the ogre. You burn the ogre.
The ogre is heavily wounded.
The ogre hits you with a +0 giant spiked club!!
You are too injured to fight recklessly!
You are too injured to fight recklessly!
You are too injured to fight recklessly!
You hit the ogre. You burn the ogre.
The ogre is heavily wounded.
The ogre hits you with a +0 giant spiked club!!
You die...

###..## .. #..... ##..
##....####.#. .# #.....#..... ..#
.#...# ###....#
.....##............
###...##.###.......... #..[...
####.#..##8.8###O.......# #.....
8....##........#@.......####.....
.8.......#8.8#..........#.##.....
..8.###.###.##...................
∩..8# #.##...##......"...........
..8.###......##.[....<...........
.8............#..#...#?.......#.#
8.............#####..#.......####
##.....#..##..###...##..?....#
##.....#..##.........#.......####


You could see an ogre.

Vanquished Creatures
  Pikel (D:4)
  Grinder (D:5)
  Duvessa (D:4)
  2 ogres (D:4)
  A centaur (D:5)
  A lemure (D:4)
  A phantom (D:5)
  A kobold brigand (D:5)
  Dowan (D:4)
  3 jellies (D:5)
  Crazy Yiuf (D:4)
  A hound (D:5)
  3 orc priests
  2 iguanas
  2 orc wizards
  5 gnolls
  8 adders
  4 worms (D:2)
  4 dart slugs
  17 orcs
  6 bats
  8 endoplasms
  3 giant cockroaches (D:1)
  5 goblins
  9 hobgoblins
  12 kobolds
  4 quokkas
  7 ball pythons
  2 frilled lizards
  4 rats
120 creatures vanquished.

Vanquished Creatures (others)
  A human (D:3)
  2 fungi (D:1)
  4 plants
7 creatures vanquished.

Grand Total: 127 creatures vanquished

Notes
Turn   | Place    | Note
-------+----------+-------------------------------------------
     0 | D:1      | ryw the Mummy Fighter began the quest for the Orb.
     0 | D:1      | Reached XP level 1. HP: 18/18 MP: 1/1
    73 | D:1      | Reached XP level 2. HP: 18/24 MP: 2/2
   330 | D:1      | Gained mutation: You are in touch with the powers of death.
                  | [Mummy growth]
   330 | D:1      | Reached XP level 3. HP: 29/29 MP: 3/3
   755 | D:2      | Reached XP level 4. HP: 33/35 MP: 4/4
  1682 | D:3      | Reached XP level 5. HP: 41/41 MP: 5/5
  2134 | D:3      | Found Epsaedadd's Antique Weapon Emporium.
  2211 | D:3      | Reached skill level 5 in Maces & Flails
  2272 | D:3      | Found an ancient bone altar of Kikubaaqudgha.
  2273 | D:3      | Noticed a human
  2275 | D:3      | Killed a human
  2393 | D:3      | Found a faded altar of an unknown god.
  2681 | D:4      | Noticed an ogre
  2686 | D:4      | Noticed Dowan
  2911 | D:4      | Reached XP level 6. HP: 47/47 MP: 6/6
  3074 | D:4      | Found a staircase to the Ecumenical Temple.
  3081 | D:4      | Reached skill level 4 in Fighting
  3084 | Temple   | Entered the Ecumenical Temple
  3229 | D:4      | Killed Dowan
  3287 | D:4      | Noticed Pikel
  3310 | D:4      | Killed Pikel
  3311 | D:4      | Reached skill level 5 in Fighting
  3311 | D:4      | Reached XP level 7. HP: 31/57 MP: 7/7
  3360 | D:4      | Noticed Duvessa
  3376 | D:4      | Killed Duvessa
  3377 | D:4      | Reached XP level 8. HP: 9/64 MP: 8/8
  3628 | D:4      | Found a runed translucent door.
  3629 | D:4      | Noticed Crazy Yiuf
  3721 | D:4      | Reached skill level 6 in Fighting
  3721 | D:4      | Reached skill level 5 in Armour
  4054 | D:4      | Killed Crazy Yiuf
  4351 | D:5      | Entered Level 5 of the Dungeon
  4358 | D:5      | Found a blossoming altar of Fedhas.
  4664 | D:5      | Noticed Grinder
  4669 | D:5      | Paralysed by Grinder for 2 turns
  4683 | D:5      | Paralysed by Grinder for 2 turns
  5130 | D:5      | Reached skill level 7 in Fighting
  5153 | D:5      | Found Jaropsol's Distillery.
  5174 | D:5      | Paralysed by Grinder for 2 turns
  5197 | D:5      | Paralysed by Grinder for 2 turns
  5314 | D:5      | Paralysed by Grinder for 3 turns
  5318 | D:5      | Killed Grinder
  5385 | D:5      | Mangled by an ogre

Illustrated notes

Levels and vault maps discovered:
D:1:      spicycebolla_arrival_clurvy, layout_rooms
D:2:      layout_basic, hangedman_decor_clover_reticule, nicolae_wormholes
D:3:      layout_basic, tgw_kikubaaqudgha, serial_shops, shop,
          shapermc_ecumenical_altar_petra
D:4:      layout_loops_ring, minmay_temple_entry_proselytizer,
          uniq_crazy_yiuf_cottage, uniq_pikel, uniq_duvessa
D:5:      layout_cave_pools, fedhas_altar_3, serial_shops, nicolae_diamond_shop,
          corexii_item_surrounded_by_moat, small_statue_intersection,
          uniq_grinder
Temple:   nicolae_temple_figure_zero

Skill      XL: |  1  2  3  4  5  6  7  8 |
---------------+-------------------------+-----
Maces & Flails | 2 3 4 5 |  5.0
Armour         | 4 6 |  6.3
Fighting       | 5 7 |  7.5
Shields        | |  2.4

Action                     |  1- 3 |  4- 6 |  7- 9 || total
---------------------------+-------+-------+-------++-------
  Melee: Flail             |   104 |    96 |       ||   200
         Whip              |       |   110 |   182 ||   292
  Throw: Boomerang         |       |       |     2 ||     2
    Use: Scroll            |     5 |     2 |     5 ||    12
 Armour: Scale mail        |    70 |    73 |    78 ||   221
  Dodge: Dodged            |    63 |    68 |    58 ||   189
  Block: Buckler           |    19 |    28 |    29 ||    76

Table legend: (Time is in decaauts)
 A = Elapsed time spent in this place.
 B = Non-inter-level travel time spent in this place.
 C = Inter-level travel time spent in this place.
 D = Time resting spent in this place.
 E = Time spent auto-exploring this place.
 F = Levels seen in this place.
 G = Mean time per level.
                   A        B        C        D        E       F      G
               +--------+--------+--------+--------+--------+-----+--------+
         Total |   5410 |   5252 |    158 |   1095 |   3049 |   6 |  901.7 |
       Dungeon |   5287 |   5138 |    149 |   1095 |   2936 |   5 | 1057.4 |
        Temple |    123 |    114 |      9 |      0 |    113 |   1 |  123.0 |
               +--------+--------+--------+--------+--------+-----+--------+

Top non-repeatable levels by time:
     D:4: 1936 daAuts
     D:2: 1126 daAuts
     D:3: 1117 daAuts
     D:5: 565 daAuts
     D:1: 541 daAuts
  Temple: 123 daAuts
